AoeStats
← Andrew

Four Lakes

510038566Analyzed
1v1 RM · 2d ago on Sep 29, 2026· 45m 55s· 2 players
Game mode
Random Map
Map size
Tiny (2 player)
Population
200
Speed
Normal
Resources
Standard
Victory
Conquest
Starting age
Dark Age
Ending age
Imperial Age
RankedLock teamsTeams togetherTeam positionsShared explorationLock speedFull tech treeHidden civsTurbo modeCheats
Victory
Defeat
🇩🇪 Franks · Germany
644
+11
🇻🇪 Bohemians · Venezuela
542
-11
Andrew
1:11 Loom
15:28 Feudal Age
16:59 Wheelbarrow
21:48 Double-Bit Axe
25:56 Castle Age
24:28 Man-at-Arms
25:23 Forging
25:13 Scale Mail Armor
25:45 Fletching
25:56 Padded Archer Armor
25:40 Horse Collar
27:34 Hand Cart
27:06 Town Watch
29:20 Iron Casting
29:00 Chain Mail Armor
28:41 Bodkin Arrow
29:01 Leather Archer Armor
29:21 Squires
29:09 Arson
31:34 Bow Saw
33:03 Chemistry
32:23 Town Patrol
34:02 Long Swordsman
34:04 Pikeman
41:08 Imperial Age
38:41 Fishing Lines
45:27 Blast Furnace
44:58 Plate Mail Armor
44:29 Bracer
HOOD
11:55 Feudal Age
12:26 Double-Bit Axe
12:12 Man-at-Arms
19:08 Fishing Lines
22:44 Castle Age
21:11 Gold Mining
22:27 Fletching
25:02 Gillnets
26:56 Wheelbarrow
27:28 Bow Saw
27:44 Bodkin Arrow
29:03 Hand Cart
30:51 Murder Holes
35:20 Imperial Age
37:10 Chemistry
36:41 Forging
37:13 Conscription
36:43 Loom
36:48 Town Watch
36:41 Cavalier
40:30 Husbandry
42:35 Chivalry
Connection lost

Rejoining the realm…

Still unreachable

The connection could not be restored.

Session expired

The server has moved on; the page needs a fresh start.